 Dungeon Crawl Stone Soup version 0.22-a0-872-g6a232dd (webtiles) character file.

49055 prawnwizard the Phalangite (level 14, -3/107 HPs)
             Began as a Merfolk Monk on July 28, 2018.
             Was the Champion of Hepliaklqana.
             Slain by Rupert
             ... wielding a +1 great mace of holy wrath
              (26 damage)
             ... on level 5 of the Lair of Beasts.
             The game lasted 00:45:20 (21324 turns).

prawnwizard the Phalangite (Merfolk Monk)          Turns: 21324, Time: 00:45:21

Health: -3/107     AC:  9    Str: 16    XL:     14   Next: 49%
Magic:  14/14      EV: 24    Int:  9    God:    Hepliaklqana [******]
Gold:   926        SH:  0    Dex: 22    Spells: 13/13 levels left

rFire    . . .     SeeInvis .   w - +3 spear (freeze)
rCold    . . .     Gourm    .   (no shield)
rNeg     + . .     Faith    .   s - +4 ring mail "Yggun" {Dex+5 Slay+2}
rPois    .         Spirit   .   (no helmet)
rElec    .         Reflect  .   (no cloak)
rCorr    .         Harm     .   (no gloves)
MR       ++...                  (no boots)
Stlth    ++........             G - amulet of regeneration
HPRegen  0.67/turn              k - ring of positive energy
MPRegen  0.14/turn              n - ring of protection from magic

@: no status effects
A: change form in water, swift swim, stealthy swim, reduced essence
a: Recall Ancestor, Ancestor Identity, Transference, Idealise, Renounce Religion


You were on level 5 of the Lair of Beasts.
You worshipped Hepliaklqana.
Hepliaklqana was exalted by your worship.
You were hungry.

You visited 3 branches of the dungeon, and saw 19 of its levels.

You collected 926 gold pieces.

Inventory:

Hand Weapons
 t - the +5 whip of Courage {freeze, rF+++ rC- MP+9 Stlth+}
   (You found it on level 4 of the Dungeon)

   It has been specially enchanted to freeze those struck by it, causing extra
   injury to most foes and up to half again as much damage against particularly
   susceptible opponents.
   It can also slow down cold-blooded creatures.
   It renders you almost immune to fire.
   It makes you vulnerable to cold.
   It affects your magic capacity (+9).
   It makes you more stealthy.
 w - a +3 spear of freezing (weapon)
 D - the +8 war axe "Apne Pou" {flame, *Corrode rElec rC+++, unknown}
   (You found it on level 1 of the Lair of Beasts)

   It has been specially enchanted to burn those struck by it, causing extra
   injury to most foes and up to half again as much damage against particularly
   susceptible opponents.
   Big, fiery blades are also staple armaments of hydra-hunters.
   It renders you almost immune to cold.
   It insulates you from electricity.
   It may corrode you when you take damage.
Armour
 e - +0 gold dragon scales
 s - the +4 ring mail "Yggun" (worn) {Dex+5 Slay+2}
   (You found it on level 4 of the Dungeon)

   It affects your dexterity (+5).
   It affects your accuracy and damage with ranged weapons and melee attacks
   (+2).
Jewellery
 k - a ring of positive energy (left hand)
 n - a ring of protection from magic (right hand)
 u - a +6 ring of intelligence
 F - a +3 ring of protection {unknown}
 G - an amulet of regeneration (around neck)
Wands
 j - a wand of clouds (2)
 y - a wand of flame (41)
 B - a wand of paralysis (29)
 E - a wand of scattershot (5)
 H - a wand of iceblast (17)
 J - a wand of disintegration (5)
 L - a wand of random effects (23)
 N - a wand of acid (9)
Scrolls
 a - a scroll of fog {unknown}
 f - 6 scrolls of identify
 h - 5 scrolls of teleportation
 l - 9 scrolls of remove curse
 m - 2 scrolls of immolation {unknown}
 p - a scroll of amnesia
 r - 3 scrolls of enchant armour
 K - a scroll of silence {unknown}
Potions
 b - 4 potions of brilliance
 d - 3 potions of might
 g - 4 potions of ambrosia
 o - a potion of invisibility {unknown}
 q - a potion of heal wounds {unknown}
 v - 6 potions of lignification
 x - a potion of agility
 z - 2 potions of curing
 A - a potion of berserk rage {unknown}
 C - 4 potions of haste
 I - 3 potions of mutation
Comestibles
 c - 25 rations
 M - 8 chunks of flesh


   Skills:
 + Level 13.6 Fighting
 * Level 22.5 Polearms
 + Level 15.9 Dodging
 - Level 2.1 Stealth


You had 13 spell levels left.
You didn't know any spells.
Your spell library contained the following spells:

 Spells                   Type           Power        Failure   Level  Hunger
 Magic Dart               Conj           #...         61%         1    ##.....
 Lightning Bolt           Conj/Air       #.........   100%        5    ######.
 Confuse                  Hex            #.......     93%         3    ####...
 Throw Frost              Conj/Ice       #.....       75%         2    ###....
 Iskenderun's Mystic Bla  Conj           #.......     100%        4    #####..
 Freeze                   Ice            #...         61%         1    ##.....
 Summon Ice Beast         Ice/Summ       #.......     100%        4    #####..
 Ozocubu's Armour         Chrm/Ice       #.......     93%         3    ####...
 Shock                    Conj/Air       #...         61%         1    ##.....
 Swiftness                Chrm/Air       #.......     75%         2    ###....
 Throw Icicle             Conj/Ice       #.......     100%        4    #####..
 Airstrike                Air            #.........   100%        4    #####..
 Confusing Touch          Hex            #.....       61%         1    ##.....
 Metabolic Englaciation   Hex/Ice        #.........   100%        5    ######.
 Static Discharge         Conj/Air       #.......     93%         3    ####...
 Petrify                  Tmut/Erth      #.......     100%        4    #####..
 Fulminant Prism          Conj/Hex       #.........   100%        4    #####..
 Dazzling Spray           Conj/Hex       #.....       93%         3    ####...
 Force Lance              Conj/Tloc      #.......     100%        4    #####..
 Searing Ray              Conj           #.....       75%         2    ###....
 Gell's Gravitas          Tloc           #.........   93%         3    ####...
 Yara's Violent Unravell  Hex/Tmut       #.........   100%        5    ######.


Dungeon Overview and Level Annotations

Branches:
Dungeon (12/15)            Temple (1/1) D:4            Lair (6/6) D:11
  Swamp (0/4) Lair:4        Snake (0/4) Lair:3        Slime (0/5) Lair:6
    Orc (0/2) D:11

Altars:
Ashenzari
Cheibriados
Dithmenos
Elyvilon
Fedhas
Gozag
Hepliaklqana
Kikubaaqudgha
Makhleb
Nemelex Xobeh
Okawaru
Qazlal
Ru
Sif Muna
Trog
Uskayaw
Vehumet
Wu Jian
Xom
Yredelemnul
Zin
The Shining One

Annotations:
D:6 1 runed door
Lair:3 exclusion: oklob plant
Lair:5 Rupert


Message History

Rupert hits you with a great mace of holy wrath!!!
Decima hits Rupert with a dagger of draining!
There is a stone staircase leading up here.
Decima hits Rupert with a dagger of draining.
Rupert completely misses Decima.
Decima hits Rupert but does no damage.
Rupert completely misses Decima.
Attack whom?
Press: ? - help, Dir - move target cursor, f - Rupert
Aim: Rupert, wielding a great mace of holy wrath and wearing a leather armour (almost dead, berserk, fast, unusually strong, lightly drained)
You reach to attack!
You puncture Rupert! You freeze Rupert.
Rupert is almost dead.
Decima hits Rupert with a dagger of draining.
You puncture Rupert! You freeze Rupert.
Rupert is almost dead.
Rupert hits you with a great mace of holy wrath!!
* * * LOW HITPOINT WARNING * * *
Rupert barely misses you.
Decima hits Rupert with a dagger of draining.
Rupert hits you with a great mace of holy wrath!!
You die...

# ## ###### ### ####### .####
##..P.###P## #.##...
#.#.####..........### ###.....
....................######.#.....
#..P#..P..............#..........
...###...........................
.....###.........@...............
#...## ##.......@R...............
....P## ####....<.....P.#........
......# #......................
#...P## ##.#...................
.....P######.....................
.....PP#.........................
.................................
.................................
.................................


You could see the friendly Decima the hexer and Rupert (berserk).

Vanquished Creatures
  Gastronok (Lair:1)
  4 hydras
  Erica (D:11)
  5 two-headed ogres
  Sonja (D:10)
  Nergalle (Lair:2)
  Pikel (D:7)
  A cyclops (D:11)
  A manticore (D:11)
  An oklob plant (D:11)
  15 elephants
  8 spiny frogs
  3 black mambas
  A komodo dragon (Lair:2)
  A rime drake (Lair:4)
  A troll (D:11)
  A tyrant leech (Lair:4)
  Prince Ribbit (D:6)
  2 hornets
  A polar bear (Lair:4)
  Grinder (D:6)
  17 blink frogs
  10 hippogriffs
  25 yaks
  2 wyverns
  Grum (D:11)
  2 basilisks
  A warg (Lair:6)
  3 swamp worms (Lair:4)
  An acid dragon (D:12)
  Duvessa (D:6)
  A hell hound (Lair:6)
  8 water moccasins
  7 orc warriors
  9 porcupines
  4 sky beasts
  4 ice beasts
  2 black bears
  2 phantoms
  7 centaurs
  5 ogres
  17 wolves
  4 crocodiles
  2 big kobolds
  16 bullfrogs
  Dowan (D:6)
  5 scorpions
  A killer bee (D:6)
  3 wights (D:10)
  2 howler monkeys
  4 electric eels
  A bullfrog zombie (D:5)
  2 centaur zombies
  3 crimson imps (D:10)
  4 jellies
  A quasit (D:11)
  8 hounds
  6 orc priests
  A bullfrog skeleton (D:11)
  8 orc wizards
  A centaur skeleton (D:6)
  An iguana (D:5)
  6 worker ants
  A worker ant zombie (D:8)
  13 adders
  5 gnolls
  A shadow imp (D:4)
  2 oozes (D:6)
  2 adder skeletons
  4 worms
  4 dart slugs
  7 leopard geckos
  36 orcs
  A ball python (D:5)
  10 bats
  4 giant cockroaches
  13 goblins
  6 hobgoblins
  7 jackals
  10 kobolds
  5 quokkas
  9 frilled lizards
  A jackal skeleton (D:6)
  A quokka skeleton (D:8)
  4 rats
  A butterfly (D:6)
  A plant (Lair:4)
409 creatures vanquished.

Vanquished Creatures (collateral kills)
  2 catoblepae
  A hydra (Lair:5)
  4 elephants
  A torpor snail (Lair:4)
  A kobold demonologist (D:11)
  3 komodo dragons
  A troll (D:9)
  2 tyrant leeches (Lair:4)
  A slime creature (Lair:6)
  A blink frog (Lair:6)
  A hippogriff (D:9)
  2 yaks
  2 wyverns
  A basilisk (Lair:3)
  A swamp worm (Lair:4)
  4 water moccasins
  An ice beast (D:11)
  An orc warrior (D:8)
  2 ogres
  A centaur (D:9)
  2 wolves
  3 crocodiles
  2 bullfrogs
  A scorpion (D:6)
  A killer bee (D:6)
  A wight (D:10)
  An electric eel (D:9)
  A quasit (D:10)
  2 orc priests
  2 centaur skeletons
  An orc wizard (D:8)
  A worker ant (D:7)
  A hound skeleton (D:11)
  13 orcs
  3 giant cockroaches
  A jackal (D:8)
  A quokka (D:7)
  3 kobolds
  2 butterflies (D:6)
75 creatures vanquished.

Vanquished Creatures (others)
  28 hexers
  9 fungi
  20 plants
57 creatures vanquished.

Grand Total: 541 creatures vanquished

Notes
Turn   | Place    | Note
-------+----------+-------------------------------------------
     0 | D:1      | prawnwizard the Merfolk Monk began the quest for the Orb.
     0 | D:1      | Reached XP level 1. HP: 18/18 MP: 1/1
    99 | D:1      | Reached XP level 2. HP: 23/24 MP: 2/2
   121 | D:1      | Reached skill level 5 in Polearms
   436 | D:1      | Reached XP level 3. HP: 29/29 MP: 3/3
  1455 | D:2      | Reached XP level 4. HP: 27/37 MP: 4/4
  1478 | D:2      | Reached skill level 6 in Polearms
  1728 | D:2      | Found a white marble altar of Elyvilon.
  1850 | D:2      | Found a white marble altar of Elyvilon.
  1888 | D:2      | Reached skill level 5 in Dodging
  1888 | D:2      | Reached XP level 5. HP: 42/42 MP: 5/5
  2193 | D:2      | Found a sacrificial altar of Ru.
  2202 | D:2      | Found a glowing silver altar of Zin.
  2207 | D:2      | Found a radiant altar of Vehumet.
  2207 | D:2      | Found a snail-covered altar of Cheibriados.
  2207 | D:2      | Found a basalt altar of Yredelemnul.
  2208 | D:2      | Found an iron altar of Okawaru.
  2210 | D:2      | Found an ornate altar of the Wu Jian Council.
  2601 | D:3      | Reached skill level 7 in Polearms
  2908 | D:3      | Reached XP level 6. HP: 10/49 MP: 6/6
  4228 | D:4      | Got a twisted ring mail
  4239 | D:4      | Identified the +4 ring mail "Yggun" {Dex+5 Slay+2} (You found it on level 4 of the Dungeon)
  4390 | D:4      | Found a staircase to the Ecumenical Temple.
  4396 | Temple   | Entered the Ecumenical Temple
  4413 | Temple   | Became a worshipper of Hepliaklqana the Forgotten
  4413 | Temple   | Reached * piety under Hepliaklqana
  4413 | Temple   | Reached ** piety under Hepliaklqana
  4414 | Temple   | Remembered your ancestor Decima as a hexer
  4851 | D:4      | Got a sapphire whip
  4861 | D:5      | Entered Level 5 of the Dungeon
  4899 | D:5      | Reached skill level 8 in Polearms
  4951 | D:5      | Reached skill level 5 in Fighting
  4951 | D:5      | Reached XP level 7. HP: 44/50 MP: 7/7
  5036 | D:5      | Reached skill level 9 in Polearms
  5059 | D:5      | Found an opulent altar of Gozag.
  5561 | D:6      | Reached XP level 8. HP: 44/57 MP: 8/8
  5591 | D:6      | Noticed Duvessa
  5592 | D:6      | Noticed Dowan
  5611 | D:6      | Killed Duvessa
  5611 | D:6      | Reached skill level 10 in Polearms
  5635 | D:6      | Killed Dowan
  5896 | D:6      | Found the +3 Elemental Staff {rElec rF++ rC++ MR++ AC+5}
  6197 | D:6      | Reached *** piety under Hepliaklqana
  6253 | D:6      | Found a runed door.
  6268 | D:6      | Found a runed door.
  6375 | D:6      | Noticed Prince Ribbit
  6434 | D:6      | Killed Prince Ribbit
  6434 | D:6      | Reached skill level 11 in Polearms
  6661 | D:6      | Noticed Grinder
  6686 | D:6      | Killed Grinder
  6686 | D:6      | Reached skill level 12 in Polearms
  6686 | D:6      | Reached XP level 9. HP: 48/64 MP: 9/9
  7413 | D:7      | Reached **** piety under Hepliaklqana
  7420 | D:7      | Reached skill level 13 in Polearms
  7722 | D:7      | Noticed Pikel
  7742 | D:7      | Killed Pikel
  8198 | D:8      | Reached XP level 10. HP: 37/72 MP: 10/10
  8212 | D:8      | Reached skill level 14 in Polearms
  8394 | D:8      | Noticed a two-headed ogre
  8412 | D:8      | Killed a two-headed ogre
  8412 | D:8      | Reached skill level 10 in Dodging
  8557 | D:8      | Found a shimmering altar of Xom.
  9095 | D:8      | Reached skill level 15 in Polearms
  9696 | D:9      | Reached ***** piety under Hepliaklqana
  9991 | D:9      | Noticed a two-headed ogre
 10128 | D:9      | Killed a two-headed ogre
 10128 | D:9      | Reached skill level 16 in Polearms
 10128 | D:9      | Reached XP level 11. HP: 24/81 MP: 11/11
 10300 | D:8      | Identified the +5 whip of Courage {freeze, rF+++ rC- MP+9 Stlth+} (You found it on level 4 of the Dungeon)
 10854 | D:10     | Entered Level 10 of the Dungeon
 11147 | D:10     | Noticed Sonja
 11165 | D:10     | Killed Sonja
 11307 | D:10     | Reached skill level 10 in Fighting
 11817 | D:11     | Noticed a cyclops
 11930 | D:11     | Killed a cyclops
 12053 | D:11     | Noticed a manticore
 12053 | D:11     | Noticed a four-headed hydra
 12057 | D:11     | Noticed a two-headed ogre
 12062 | D:11     | Noticed a catoblepas
 12065 | D:11     | Killed a manticore
 12065 | D:11     | Reached skill level 17 in Polearms
 12136 | D:11     | Noticed Erica
 12153 | D:11     | Killed Erica
 12315 | D:11     | Found a staircase to the Orcish Mines.
 12332 | D:11     | Noticed a two-headed ogre
 12341 | D:11     | Killed a two-headed ogre
 12437 | D:11     | Found a staircase to the Lair.
 12443 | D:11     | Noticed Grum
 12460 | D:11     | Killed Grum
 12481 | D:11     | Noticed a two-headed ogre
 12515 | D:11     | Killed a two-headed ogre
 12515 | D:11     | Reached skill level 18 in Polearms
 12515 | D:11     | Reached XP level 12. HP: 89/89 MP: 12/12
 12563 | D:11     | Killed a four-headed hydra
 12785 | D:11     | Noticed a two-headed ogre
 13469 | D:11     | Noticed a six-headed hydra
 13479 | D:11     | Killed a six-headed hydra
 13633 | D:12     | Noticed an eight-headed hydra
 13776 | D:10     | Killed a two-headed ogre
 13776 | D:10     | Reached skill level 19 in Polearms
 13897 | D:11     | Killed a catoblepas
 14041 | Lair:1   | Entered Level 1 of the Lair of Beasts
 14149 | Lair:1   | Got a translucent war axe
 14374 | Lair:1   | Noticed Gastronok
 14407 | Lair:1   | Killed Gastronok
 14981 | Lair:2   | Reached ****** piety under Hepliaklqana
 15012 | Lair:2   | Reached XP level 13. HP: 86/97 MP: 13/13
 15089 | Lair:2   | Reached skill level 20 in Polearms
 15718 | Lair:2   | Noticed Nergalle
 15751 | Lair:2   | Killed Nergalle
 16489 | Lair:3   | Found a hazy altar of Hepliaklqana.
 16720 | Lair:3   | Found a staircase to the Snake Pit.
 17467 | Lair:3   | Reached skill level 21 in Polearms
 18253 | Lair:3   | HP: 1/98 [catoblepas/blast of calcifying dust (9)]
 18520 | Lair:4   | Reached skill level 15 in Dodging
 18952 | Lair:4   | Reached XP level 14. HP: 83/106 MP: 14/14
 19221 | Lair:4   | Reached skill level 22 in Polearms
 19428 | Lair:4   | Found a staircase to the Swamp.
 20906 | Lair:6   | Entered Level 6 of the Lair of Beasts
 20906 | Lair:6   | Found a staircase to the Slime Pits.
 21108 | Lair:6   | Noticed Rupert
 21324 | Lair:5   | Slain by Rupert

Vault maps used:
D:1:      lightli_arrival_maybe_door_vault, serial_forest,
          infiniplex_forest_straight_1, infiniplex_forest_zigzag_1,
          infiniplex_forest_straight_4, infiniplex_forest_lined_room_,
          infiniplex_forest_lined_4_way, infiniplex_forest_end_1,
          supply_closet_lemuel, minmay_hexomino_f4
D:2:      minitemple, elyvilon_altar_1, kennysheep_flooded_box
D:3:      roderic_lattice_a, kennysheep_minor_cross, kennysheep_generic_room_3
D:4:      minmay_temple_entry_fiery, first_ration
D:5:      nicolae_overflow_crystal_walls
D:6:      lemuel_insect_pit, uniq_duvessa, uniq_prince_ribbit1, uniq_grinder
D:7:      uniq_pikel
D:8:      old_standard_altar
D:10:     uniq_sonja
D:11:     minmay_the_grid_plus_closed, dpeg_oklobed_lair, orc_0_dummy,
          uniq_grum, uniq_erica
D:12:     minmay_expanding_circles, uniq_snorg
Temple:   nicolae_temple_x_marks_the_god
Lair:1:   uniq_gastronok
Lair:2:   small_statue_intersection, grunt_megastairs_1, uniq_nergalle
Lair:3:   dummy_snake_entry, lemuel_oklob_altar
Lair:4:   minmay_swamp_entry_worms, serial_bayou_pond_b, minivault_26,
          small_statue_intersection, worms_lemuel, lemuel_fruit_fields,
          serial_bayou_shore_b
Lair:5:   eino_small_chamber_without_monster, serial_bayou_lake_a
Lair:6:   hangedman_lair_caniforms_friends, minmay_slime_entry_pillars,
          st_stairs_5, uniq_rupert

Skill      XL: |  1  2  3  4  5  6  7  8  9 10 11 12 13 14 |
---------------+-------------------------------------------+-----
Polearms       | 5 6 7 8 9 12 13 16 18 19 21 22 | 22.5
Fighting       | 4 5 7 8 9 10 12 13 | 13.6
Dodging        | 5 6 8 9 11 12 13 15 | 15.9
Stealth        | |  2.1

Action                   |  1- 3 |  4- 6 |  7- 9 | 10-12 | 13-15 || total
-------------------------+-------+-------+-------+-------+-------++-------
Melee: Spear             |   144 |   373 |   492 |   499 |  1076 ||  2584
       Tailslap          |       |       |       |     6 |    27 ||    33
       Trident           |       |       |       |   335 |       ||   335
Invok: Ancestor Life: He |       |     1 |       |       |       ||     1
       Recall Ancestor   |       |       |     1 |     2 |     1 ||     4
  Use: Scroll            |       |       |       |    17 |     6 ||    23
       Potion            |       |       |       |     3 |     1 ||     4
 Stab: Sleeping          |     8 |     5 |     5 |     8 |     5 ||    31
       Distracted        |       |     1 |     4 |     5 |    17 ||    27
       Confused          |       |       |     5 |    13 |    13 ||    31
  Eat: Chunk             |     2 |    11 |    11 |    18 |    20 ||    62
       Ration            |       |       |       |     1 |       ||     1
Armor: Robe              |     3 |       |       |       |       ||     3
       Leather armour    |    14 |       |       |       |       ||    14
       Ring mail         |     3 |    65 |    59 |    80 |   101 ||   308
       Skin              |       |       |       |    23 |       ||    23
Dodge: Dodged            |    81 |   143 |   174 |   400 |   560 ||  1358

Table legend:
 A = Spawn XP
 B = Non-spawn XP
 C = Spawn XP percentage of total XP
 D = Spawn monster count
 E = Non-spawn monster count
 F = Spawn count percentage of total count
 G = Total turns spent on level
                    A         B        C        D         E        F      G
               +---------+---------+-------+---------+---------+-------+---------
         Total |       0 |   70079 |   0.0 |       0 |     480 |   0.0 | 21324
               +---------+---------+-------+---------+---------+-------+---------
           D:1 |       0 |      74 |   0.0 |       0 |      34 |   0.0 |  1417
           D:2 |       0 |     139 |   0.0 |       0 |      27 |   0.0 |  1037
           D:3 |       0 |     129 |   0.0 |       0 |      22 |   0.0 |  1431
           D:4 |       0 |      79 |   0.0 |       0 |       7 |   0.0 |   900
           D:5 |       0 |     737 |   0.0 |       0 |      19 |   0.0 |   665
           D:6 |       0 |    1863 |   0.0 |       0 |      34 |   0.0 |  1475
           D:7 |       0 |    1319 |   0.0 |       0 |      31 |   0.0 |  1164
           D:8 |       0 |    2719 |   0.0 |       0 |      34 |   0.0 |  1321
           D:9 |       0 |    2686 |   0.0 |       0 |      21 |   0.0 |  1368
          D:10 |       0 |    3346 |   0.0 |       0 |      24 |   0.0 |  1483
          D:11 |       0 |   13123 |   0.0 |       0 |      62 |   0.0 |  1694
          D:12 |       0 |     247 |   0.0 |       0 |       3 |   0.0 |    10
        Lair:1 |       0 |    5784 |   0.0 |       0 |      17 |   0.0 |  1036
        Lair:2 |       0 |    7416 |   0.0 |       0 |      40 |   0.0 |  1399
        Lair:3 |       0 |    7080 |   0.0 |       0 |      20 |   0.0 |  1830
        Lair:4 |       0 |   14217 |   0.0 |       0 |      47 |   0.0 |  1719
        Lair:5 |       0 |    6147 |   0.0 |       0 |      21 |   0.0 |  1069
        Lair:6 |       0 |    2974 |   0.0 |       0 |      17 |   0.0 |   230
               +---------+---------+-------+---------+---------+-------+---------
